 Dungeon Crawl Stone Soup version 0.31.0-11-ge490571c62 (webtiles) character file.

Game seed: 13573699050876486189

3751592 MollyMolluskus the Middleweight Champion (level 27, 224/224 HPs)
             Began as an Octopode Fighter on Feb 3, 2024.
             Was the Champion of Wu Jian.
             Escaped with the Orb
             ... and 5 runes on Feb 5, 2024!
             The game lasted 04:55:04 (56025 turns).

MollyMolluskus the Middleweight Champion (OpFi)    Turns: 56025, Time: 04:55:04

Health: 224/224    AC: 27    Str: 35    XL:     27
Magic:  23/23      EV: 49    Int: 24    God:    Wu Jian [******]
Gold:   10443      SH:  0    Dex: 18    Spells: 26/26 levels left

rFire   + .          .
                       - Unarmed
rCold   + . .        T - melded +1 kite shield {reflect}
rNeg    + . .        d - melded +2 hat
rPois   ∞            Z - amulet "Buyts" {Spirit rC+ Regen+ MP-9}
rElec   +            q - ring of resist corrosion
rCorr   +            v - +4 ring of protection
SInv    +            W - ring of Fedhas's Supremacy {rF+ Int+2 Dex+6 SInv}
Will    +++++        n - ring of willpower
Stlth   +++          Y - +6 ring of strength
HPRegen 1.37/turn    L - ring "Zecod" {rN+ Str+5 Int+4}
MPRegen 0.18/turn    N - ring of Umecesikk {^Drain rPois AC+4 Dex+4 Stlth+}
                     r - ring of Zaoceac {AC+4 Int+3}

%: guardian spirit
@: storm-form, flying, studying Shapeshifting
A: cleaving, insubstantial, flying, almost no armour, amphibious, 8 rings,
(camouflage 1), (gelatinous body 1), (nimble swimmer 1), (tentacles), clever 1,
clumsy 2, strong-willed 2, passive freeze, weak 1, evolution 1, subdued magic 2,
persistent drain
0: Orb of Zot
}: 5/15 runes: decaying, serpentine, slimy, silver, abyssal
a: Blinkbolt, Begin Untransformation, Renounce Religion, Wall Jump, Serpent's
Lash, Heavenly Storm


You escaped.
You worshipped Wu Jian.
Wu Jian was exalted by your worship.
You were a lightning-filled tempest!
You visited 11 branches of the dungeon, and saw 53 of its levels.
You visited the Abyss 1 time.
You visited 1 bazaar.
You also visited: Ossuary, Ice Cave and Volcano.

You collected 12281 gold pieces.
You spent 1838 gold pieces at shops.

Inventory:

Missiles
 g - 7 javelins (quivered)
 w - a throwing net
 H - 2 silver javelins
Armour
 d - a +2 hat (melded)
 T - a +1 kite shield of reflection (melded)
Jewellery
 n - a ring of willpower (on tentacle)
 q - a ring of resist corrosion (left tentacle)
 r - the ring of Zaoceac (on tentacle) {AC+4 Int+3}
   (You found it on level 5 of the Pits of Slime)

   [ring of protection]

   AC+4:      It affects your AC (+4).
   Int+3:     It affects your intelligence (+3).
 v - a +4 ring of protection (right tentacle)
 y - the ring "Lozor" {Wiz MP+9 Int+4}
   (You found it on level 4 of the Realm of Zot)

   [ring of wizardry]

   Wiz:       It improves your spell success rate.
   Int+4:     It affects your intelligence (+4).
   MP+9:      It affects your magic capacity (+9).
 L - the ring "Zecod" (on tentacle) {rN+ Str+5 Int+4}
   (You found it on level 5 of the Lair of Beasts)

   [ring of positive energy]

   Str+5:     It affects your strength (+5).
   Int+4:     It affects your intelligence (+4).
   rN+:       It protects you from negative energy.
 N - the ring of Umecesikk (on tentacle) {^Drain rPois AC+4 Dex+4 Stlth+}
   (You took it off a kobold demonologist on level 12 of the Dungeon)

   [ring of protection]

   AC+4:      It affects your AC (+4).
   Dex+4:     It affects your dexterity (+4).
   rPois:     It protects you from poison ^Drain: It drains your maximum health
   when unequipped.
   Stlth+:    It makes you more stealthy.
 S - the ring "Xudwaaskal" {rN+ Dex+3}
   (You found it on level 3 of the Elven Halls)

   [ring of positive energy]

   Dex+3:     It affects your dexterity (+3).
   rN+:       It protects you from negative energy.
 W - the ring of Fedhas's Supremacy (on tentacle) {rF+ Int+2 Dex+6 SInv}
   (You found it on level 2 of the Depths)

   [ring of dexterity]

   Int+2:     It affects your intelligence (+2).
   Dex+6:     It affects your dexterity (+6).
   rF+:       It protects you from fire.
   SInv:      It lets you see invisible.
 Y - a +6 ring of strength (on tentacle)
 Z - the amulet "Buyts" (around neck) {Spirit rC+ Regen+ MP-9}
   (You found it in an ice cave)

   [amulet of guardian spirit]

   Spirit:    It causes incoming damage to be divided between your reserves of
   health and magic.
   rC+:       It protects you from cold.
   MP-9:      It affects your magic capacity (-9).
   Regen+:    It increases your rate of health regeneration.
Talismans
 p - the storm talisman "Ymoc Wut" (active) {MP+9}
   (You found it on level 3 of the Depths)

   [storm talisman]

   MP+9:      It affects your magic capacity (+9).
 x - a maw talisman
 C - the blade talisman of the Jumping Gods {rElec Will+ Int+2 Stlth-}
   (You found it on level 2 of the Elven Halls)

   [blade talisman]

   Int+2:     It affects your intelligence (+2).
   rElec:     It insulates you from electricity.
   Will+:     It increases your willpower.
   Stlth-:    It makes you less stealthy.
Wands
 c - a wand of roots (27)
 j - a wand of light (22)
 t - a wand of mindburst (44)
 B - a wand of flame (63)
 D - a wand of digging (12)
 J - a wand of paralysis (46)
Scrolls
 b - 3 scrolls of butterflies
 f - 4 scrolls of revelation
 h - 20 scrolls of teleportation
 o - 10 scrolls of blinking
 u - 6 scrolls of fog
 A - 7 scrolls of immolation
 E - 11 scrolls of fear
 K - 9 scrolls of poison
 O - 2 scrolls of silence
Potions
 e - 16 potions of curing
 i - 7 potions of attraction
 k - 6 potions of mutation
 l - 5 potions of might
 m - 4 potions of berserk rage
 s - 6 potions of ambrosia
 z - 10 potions of heal wounds
 F - 10 potions of cancellation
 G - 4 potions of haste
 I - 2 potions of resistance
 R - 3 potions of invisibility
 U - 5 potions of enlightenment
Miscellaneous
 a - a phial of floods
 Q - a lightning rod (4/4)


   Skills:
 O Level 27 Fighting
 + Level 15.8 Dodging
 + Level 19.4 Stealth
 - Level 6.4 Shields
 O Level 27 Unarmed Combat
 O Level 27 Shapeshifting


You had 26 spell levels left.
You didn't know any spells.
Your spell library contained the following spells:

 Spells                   Type           Power      Damage    Failure   Level
 Foxfire                  Conj/Fire      0%         2x1d4     10%         1
 Freeze                   Ice            0%         1d3       10%         1
 Magic Dart               Conj           0%         1d3       10%         1
 Sandblast                Erth           0%         2d4       10%         1
 Slow                     Hex            0%         N/A       10%         1
 Summon Small Mammal      Summ           0%         N/A       10%         1
 Blink                    Tloc           0%         N/A       16%         2
 Call Imp                 Summ           0%         N/A       16%         2
 Cigotuvi's Dreadful Rot  Necr/Alch/Air  0%         N/A       16%         2
 Ensorcelled Hibernation  Hex/Ice        0%         N/A       16%         2
 Lesser Beckoning         Tloc           0%         N/A       16%         2
 Mercury Vapours          Alch/Air       0%         N/A       16%         2
 Scorch                   Fire           0%         2d5       16%         2
 Static Discharge         Conj/Air       0%         3-3/arc   16%         2
 Confusing Touch          Hex            0%         N/A       32%         3
 Dazzling Flash           Conj/Hex       0%         N/A       32%         3
 Frozen Ramparts          Ice            0%         1d1       32%         3
 Gell's Gravitas          Tloc           0%         N/A       32%         3
 Hailstorm                Conj/Ice       0%         3d5       32%         3
 Inner Flame              Hex/Fire       0%         N/A       32%         3
 Mephitic Cloud           Conj/Alch/Air  0%         N/A       32%         3
 Ozocubu's Armour         Ice            0%         N/A       32%         3
 Passwall                 Erth           0%         N/A       32%         3
 Sigil of Binding         Hex            0%         N/A       32%         3
 Stone Arrow              Conj/Erth      0%         3d7       32%         3
 Summon Ice Beast         Ice/Summ       0%         N/A       32%         3
 Teleport Other           Tloc           0%         N/A       32%         3
 Tukima's Dance           Hex            0%         N/A       32%         3
 Vampiric Draining        Necr           0%         2d6       32%         3
 Airstrike                Air            0%         2d(0-16)  75%         4
 Anguish                  Hex/Necr       0%         N/A       75%         4
 Animate Dead             Necr           0%         N/A       75%         4
 Brom's Barrelling Bould  Conj/Erth      0%         2d3       75%         4
 Cause Fear               Hex            0%         N/A       75%         4
 Dimensional Bullseye     Hex/Tloc       0%         N/A       75%         4
 Dispel Undead            Necr           0%         3d6       75%         4
 Flame Wave               Conj/Fire      0%         2d4       75%         4
 Ignite Poison            Fire/Alch      0%         N/A       75%         4
 Iskenderun's Mystic Bla  Conj/Tloc      0%         2d3       75%         4
 Leda's Liquefaction      Alch/Erth      0%         N/A       75%         4
 Martyr's Knell           Necr/Summ      0%         N/A       75%         4
 Passage of Golubria      Tloc           0%         N/A       75%         4
 Sticky Flame             Fire/Alch      0%         2d4       75%         4
 Summon Blazeheart Golem  Fire/Summ      0%         N/A       75%         4
 Summon Lightning Spire   Summ/Air       0%         N/A       75%         4
 Arcjolt                  Conj/Air       0%         1d10      98%         5
 Curse of Agony           Necr           0%         N/A       98%         5
 Fireball                 Conj/Fire      0%         3d3       98%         5
 Freezing Cloud           Conj/Ice/Air   0%         6-21      98%         5
 Lee's Rapid Deconstruct  Erth           0%         3d4*      98%         5
 Metabolic Englaciation   Hex/Ice        0%         N/A       98%         5
 Silence                  Hex/Air        0%         N/A       98%         5
 Yara's Violent Unravell  Hex/Alch       0%         3d3       98%         5
 Bombard                  Conj/Erth      0%         9d1       100%        6
 Conjure Ball Lightning   Conj/Air       0%         3x3d6     100%        6
 Death Channel            Necr           0%         N/A       100%        6
 Dispersal                Tloc           0%         N/A       100%        6
 Sculpt Simulacrum        Ice/Alch       0%         N/A       100%        6
 Summon Cactus Giant      Summ           0%         N/A       100%        6
 Enfeeble                 Hex            0%         N/A       100%        7
 Haunt                    Necr/Summ      0%         N/A       100%        7
 Malign Gateway           Summ/Tloc      0%         N/A       100%        7
 Spellforged Servitor     Conj/Summ      0%         N/A       100%        7
 Summon Hydra             Summ           0%         N/A       100%        7
 Discord                  Hex            0%         N/A       100%        8
 Disjunction              Tloc           0%         N/A       100%        8
 Ignition                 Fire           0%         3d3       100%        8
 Infestation              Necr           0%         N/A       100%        8
 Lehudib's Crystal Spear  Conj/Erth      0%         10d2      100%        8
 Maxwell's Capacitive Co  Air            0%         ∞         100%        8
 Summon Horrible Things   Summ           0%         N/A       100%        8
 Chain Lightning          Conj/Air       0%         N/A       100%        9
 Dragon's Call            Summ           0%         N/A       100%        9
 Sublimation of Blood     Necr           Unusable   N/A       N/A         2
 Animate Armour           Summ/Erth      Unusable   N/A       N/A         4

Dungeon Overview and Level Annotations

Branches:
Dungeon (15/15)            Temple (1/1) D:7            Lair (5/5) D:9
  Swamp (4/4) Lair:3        Snake (4/4) Lair:3        Slime (5/5) Lair:4
    Orc (2/2) D:12            Elf (3/3) Orc:2        Vaults (5/5) D:13
  Crypt (0/3) Vaults:3     Depths (4/4) D:15            Zot (5/5) Depths:4
Ossuary (visited)           IceCv (visited)         Volcano (visited)

Altars:
Ashenzari
Cheibriados
Dithmenos
Elyvilon
Fedhas
Gozag
Hepliaklqana
Kikubaaqudgha
Makhleb
Nemelex Xobeh
Okawaru
Qazlal
Ru
Sif Muna
Trog
Uskayaw
Vehumet
Wu Jian
Xom
Yredelemnul
Zin
The Shining One
Jiyva

Shops:
D:1 :   D:2 *   D:8 !   Orc:2 ?:?(   Elf:1 (   Snake:1 [*   Snake:3 (*=
Vaults:5 *:[=   Depths:2 *

Portals:
Hell: Depths:1 Depths:2 Depths:3 Depths:4
Abyss: Depths:3
Pandemonium: Orc:2 Depths:1 Depths:2 Depths:4
Ziggurat: Depths:4
Trove: Vaults:3 (show slimy rune of Zot)

Annotations:
D:8 Psyche
Depths:3 3 runed translucent doors, Janeylunn's ghost, veteran GnWn


Innate Abilities, Weirdness & Mutations

You are a lightning-filled tempest!
Your electrical attacks strike out in all directions at once.
You are incredibly evasive.
Your insubstantial body is immune to petrification, constriction, and being set on fire You are flying.
Your armour is entirely melded.
You are incapable of wielding weapons or throwing items.
You cannot wear most types of armour.
You are amphibious.
You can wear up to eight rings at the same time.
You are immune to poison.
((Your skin changes colour to match your surroundings (Stealth+).))
((Your rubbery body absorbs attacks. (AC +1, EV +1)))
((You are camouflaged when in or above water. (Stealth+)))
((You have tentacles for arms and can constrict up to eight enemies at once.))
Your mind is acute. (Int +4, Str/Dex -1)
You are very clumsy. (Dex -4)
You are highly strong-willed. (Will++)
A frigid envelope surrounds you and freezes all who hurt you.
You are weak. (Str -2)
You have hidden genetic potential.
Your spells are easier to cast, but less powerful.
Your health recovers twice as slowly from being drained.


Message History

There is a stone staircase leading down here.
There is a stone staircase leading up here.
You fly upwards.
A sixfirhy comes into view.
There is a stone staircase leading down here.
The sixfirhy closely misses you.
You spin and attack the sixfirhy repeatedly.
You barely miss the sixfirhy. You miss the sixfirhy. The sixfirhy misses you.
There is a stone staircase leading up here.
Unknown command.
Aiming: Wall Jump
Press: ? - help, Dir - move target You repeatedly attack the sixfirhy from above.
You miss the sixfirhy. You punch the sixfirhy!!
The sixfirhy is heavily wounded.
You closely miss the sixfirhy. Your punch misses the sixfirhy.
The sixfirhy is heavily wounded.
You blast the sixfirhy!!!!
You kill the sixfirhy!
The Council accepts your kill.
Unknown command.
There is a stone staircase leading up here.
You fly upwards.
There is a stone staircase leading down here.
A red devil comes into view. It is wielding a +0 trident.
You lunge at the red devil, in a flurry of attacks.
You barely miss the red devil.
You blast the red devil!!!!!
Lightning courses through the red devil!
You kill the red devil!
The Council accepts your kill.
Unknown command.
You see here a +0 trident.
There is a stone staircase leading down here.
There is a stone staircase leading up here.
You fly upwards.
There is a stone staircase leading down here.
There is an open door here.
There is an open door here.
There is a staircase leading out of the dungeon here.
You have escaped!

....####.##.###...###.##.## #.#
.........#.## #...# ##.#..# #.#
....####.#.# ##'## #.##.###.###
....# ###.# #...# #.##........
....# #.#####...#####.#.###.###
....# #.#≈~.#...#.≈≈#.#.#).....
....#####.#~~.#...#.~≈#.#.#.#..##
........#.#~..#...#..~#.#.#.#...#
....###...#~..'.v.'..~'...#.#...#
....# ###.#≈..#...#..~#.#.#.#.#.#
....# #.#≈~.#...#.≈~#.#.#.....#
....# #.#≈≈.#...#.~≈#.#.###.###
...## #.#####...#####.#........
...# ##.# #...# #.##.###.### ####
#.# ##+## #.#......... #.## #...#
##.#.####.###
##.###...###.##.###..#


There were no monsters in sight!

Vanquished Creatures
  the Royal Jelly (Slime:5)
  2 seraphim
  Tiamat (Zot:4)
  Frederick (Vaults:2)
  3 dread liches (Vaults:5)
  10 orbs of fire
  3 juggernauts
  The ghost of wilo the Conqueror, a master MfBe of Trog (Zot:4)
  Boris (thrice) (Elf:3 Depths:3 Depths:4)
  Sojobo (Vaults:2)
  4 Killer Klowns
  Vashnia (Snake:3)
  3 curse toes
  Nikola (Snake:1)
  25 golden dragons
  Jory (Depths:4)
  A Brimstone Fiend (D:15)
  2 electric golems
  19 tentacled monstrosities
  Jorgrun (Snake:1)
  8 liches
  4 titans (Vaults:5)
  24 Orb Guardians
  A walking earthen tome (Depths:1)
  2 deep elf blademasters (Elf:3)
  Asterion (Snake:1)
  2 deep elf master archers (Elf:3)
  2 walking frostbound tomes
  10 quicksilver dragons
  3 sphinxes
  22 acid blobs
  2 Executioners
  11 death cobs
  Gastronok (Lair:1)
  An ancient champion (Elf:2)
  13 shadow dragons
  Aizul (Snake:1)
  22 storm dragons
  16 tengu reavers
  The ghost of olmar the Bludgeoner, an adept DsGl of Makhleb (Elf:2)
  Donald (Swamp:3)
  2 protean progenitors (Zot:5)
  A thorn hunter (Swamp:3)
  15 azure jellies
  5 draconian knights
  13 fire giants
  13 rockslimes
  A nargun (Depths:3)
  11 frost giants
  20 vault wardens
  5 pandemonium lords
  2 balrugs
  11 deep elf sorcerers
  3 iron dragons
  3 nagarajas (Snake:4)
  2 draconian shifters
  4 deep elf elementalists (Elf:3)
  10 draconian monks
  3 ghost moths
  4 draconian scorchers
  The ghost of esper6 the Thaumaturge, a journeyman GnNe of Cheibriados (Swamp:1)
  3 cacodemons
  3 orc warlords (Vaults:3)
  7 draconian stormcallers
  4 reapers
  3 angels
  12 ironbound preservers
  2 draconian annihilators
  10 ironbound thunderhulks
  11 very ugly things
  16 quicksilver oozes
  12 formless jellyfish
  A juggernaut skeleton (Depths:3)
  3 vampire knights
  A starflower (Abyss:3)
  20 stone giants
  4 eleionomae
  10 deep elf death magi
  7 black draconians
  7 yellow draconians
  6 deep elf demonologists
  14 green draconians
  2 war gargoyles
  11 deep elf annihilators
  19 white draconians
  3 spark wasps
  11 dire elephants
  9 purple draconians
  2 bunyips
  14 red draconians
  3 crystal guardians
  8 ettins
  A shambling mangrove (Swamp:4)
  14 fire dragons
  A quicksilver dragon skeleton (Depths:3)
  The ghost of Larett the Protected, a journeyman MiBe of Trog (D:12)
  An entropy weaver (Vaults:2)
  10 great orbs of eyes
  5 salamander tyrants (Snake:4)
  18 yaktaur captains
  8 deep elf high priests
  4 peacekeepers
  5 rakshasas
  43 vault guards
  17 hydras
  10 ice dragons
  5 spriggan air magi
  4 ogre magi
  3 catoblepae
  2 death knights
  A ghost crab (Swamp:1)
  3 demonspawn (Orc:2)
  13 centaur warriors
  10 ironbound frosthearts
  3 alligators (Swamp:3)
  An anaconda (shapeshifter) (Vaults:5)
  A two-headed ogre (shapeshifter) (Vaults:5)
  A caustic shrike simulacrum (Depths:3)
  39 dancing weapons
  7 deep troll shamans
  7 boulder beetles
  11 anacondas
  19 two-headed ogres
  7 tengu warriors
  5 death yaks
  14 naga warriors
  5 thrashing horrors (Abyss:3)
  5 deep troll earth magi
  6 hell hogs
  8 orc high priests
  8 spriggan berserkers
  5 occultists
  8 shock serpents
  8 hell knights
  19 naga sharpshooters
  2 vampire magi
  24 spriggans
  8 sun demons
  12 deep elf knights
  2 soul eaters
  A skyshark (Lair:2)
  4 sixfirhies
  3 iron trolls
  A fire crab (shapeshifter) (Vaults:5)
  7 salamander mystics
  5 goliath frogs
  5 skeletal warriors (D:15)
  11 spriggan druids
  15 swamp dragons
  4 arcanists
  6 naga ritualists
  14 deep elf archers
  11 mana vipers
  4 glowing orange brains
  34 deep trolls
  3 death drakes
  A tengu zombie (Depths:3)
  A shadow demon (Abyss:3)
  A bog body (Swamp:1)
  17 ironbound convokers
  4 orange crystal statues
  A steelbarb worm (shapeshifter) (Vaults:5)
  A phantasmal warrior (Vaults:5)
  4 spriggan simulacra (Depths:3)
  14 orc knights
  8 necromancers
  8 harpies (Vaults:2)
  33 deep elf zephyrmancers
  11 lindwurms
  23 deep elf pyromancers
  38 ugly things
  6 shining eyes
  25 salamanders
  6 cyclopes
  8 orc sorcerers
  7 manticores
  6 will-o-the-wisps
  A meliai (shapeshifter) (D:13)
  30 moths of wrath
  13 large abominations
  A shining eye (shapeshifter) (Depths:1)
  31 elephants
  Joseph (D:8)
  5 toenail golems (Volcano)
  A kobold blastminer (Orc:2)
  2 rust devils
  2 smoke demons (Abyss:3)
  An apocalypse crab (Abyss:3)
  2 centaur zombies (D:15)
  9 guardian serpents
  31 black mambas
  18 naga magi
  2 ice statues
  3 orange demons
  13 vault sentinels
  4 gargoyles
  An eye of devastation (Slime:1)
  3 kobold demonologists
  7 unseen horrors
  A hellion (Depths:1)
  A tormentor (Depths:2)
  A cane toad (shapeshifter) (Elf:2)
  13 cane toads
  An efreet (D:12)
  5 freezing wraiths
  9 rime drakes
  3 tengu conjurers
  12 komodo dragons
  38 yaktaurs
  4 catoblepas skeletons (Abyss:3)
  2 red devils
  3 ancient zymes (Abyss:3)
  A queen bee (shapeshifter) (D:15)
  2 bloated husks
  A queen bee (Lair:1)
  12 polar bears
  6 trolls
  6 hellwings
  3 blink frogs (Lair:3)
  A merfolk (shapeshifter) (Depths:2)
  11 tyrant leeches
  23 hornets
  17 dream sheep
  4 glass eyes
  132 slime creatures
  2 air elementals (Elf:2)
  4 shadows
  8 wraiths
  3 vampires
  71 yaks
  3 wyverns
  4 basilisks
  2 water elementals (D:14)
  3 neqoxecs
  A steam dragon (D:8)
  6 golden eyes
  2 fire elementals
  5 humans (Volcano)
  7 redbacks
  14 vampire mosquitoes
  6 chaos spawn
  7 wargs
  32 nagas
  5 acid dragons
  15 swamp worms
  17 hell hounds (Lair:5)
  19 water moccasins
  5 great orb of eyes simulacra (IceCv)
  17 ice beasts (D:14)
  15 swamp drakes
  The ghost of uncleiroh the Ruffian, an amateur TrBe of Trog (D:3)
  46 orc warriors
  14 black bears
  A meliai simulacrum (D:14)
  2 sky beasts
  A hornet zombie (D:15)
  An ettin simulacrum (Depths:3)
  9 ogres
  23 wolves
  A boggart (Vaults:1)
  9 centaurs
  2 phantoms
  4 kobold brigands
  2 weeping skulls (Abyss:3)
  Blork the orc (D:6)
  A slime creature simulacrum (IceCv)
  2 gnoll sergeants (D:10)
  9 bullfrogs
  2 scorpions
  12 earth elementals
  6 glowing shapeshifter simulacra (IceCv)
  7 small abominations
  A wight (D:10)
  24 killer bees
  6 electric eels
  5 howler monkeys
  A lava snake (D:11)
  2 quasits (Abyss:3)
  2 bombardier beetles
  2 gnoll boudas
  2 human zombies (Ossuary)
  23 orc priests
  3 hounds
  2 jellies
  4 sleepcaps
  9 iguanas
  19 orc wizards
  A hound zombie (Ossuary)
  4 mummies (Ossuary)
  Robin (D:3)
  6 adders
  7 gnolls
  3 shadow imps
  4 white imps
  6 ufetubi
  3 dart slugs
  A ribbon worm (D:3)
  90 orcs
  6 ball pythons
  6 endoplasms
  2 giant cockroaches
  3 gnoll zombies (Ossuary)
  11 goblins
  12 hobgoblins
  11 quokkas
  4 bats
  3 frilled lizards
  A goblin zombie (Ossuary)
  A hobgoblin zombie (Ossuary)
  A jackal zombie (Ossuary)
  22 kobolds
  2 kobold zombies (Ossuary)
  2 rats
  A rat zombie (Ossuary)
  2 aspiring fleshes (Zot:5)
  A lurking horror (Abyss:3)
  A spectral weapon (Zot:2)
2609 creatures vanquished.

Vanquished Creatures (others)
  A deep troll earth mage (Depths:3)
  A deep elf knight (Elf:1)
  2 deep elf zephyrmancers (Elf:1)
  A bloated husk (Swamp:2)
  A yak (D:12)
  An orc warrior (Vaults:5)
  An orc wizard (D:12)
  18 foxfires
26 creatures vanquished.

Grand Total: 2635 creatures vanquished

Notes
Turn   | Place    | Note
-------+----------+-------------------------------------------
     0 | D:1      | MollyMolluskus the Octopode Fighter began the quest for the
                  | Orb.
     0 | D:1      | Reached XP level 1. HP: 16/16 MP: 1/1
   213 | D:1      | Reached XP level 2. HP: 20/21 MP: 2/2
   331 | D:1      | Reached skill level 1 in Stealth
   479 | D:1      | Found Laqy's Book Boutique.
   539 | D:1      | Reached XP level 3. HP: 25/26 MP: 3/3
   998 | D:2      | Found Otrych's Assorted Antiques.
  1009 | D:2      | Bought a bubbling dark potion for 18 gold pieces
  1939 | D:2      | Bought a scroll labelled BEUFFE XOTUSI for 21 gold pieces
  1939 | D:2      | Bought a scroll labelled ITISCH LUQIAKHO for 21 gold pieces
  1939 | D:2      | Bought a glowing emerald potion for 18 gold pieces
  1956 | D:3      | Found a sparkling altar of Nemelex Xobeh.
  1956 | D:3      | Noticed Robin
  1980 | D:3      | Reached XP level 4. HP: 21/31 MP: 4/4
  1997 | D:3      | Killed Robin
  2117 | D:3      | Noticed uncleiroh's ghost (amateur TrBe)
  2118 | D:3      | Found a transporter.
  2118 | D:3      | Noticed an ogre
  2134 | D:3      | Reached XP level 5. HP: 34/36 MP: 5/5
  2223 | D:3      | Found a transporter.
  2272 | D:3      | Found a shimmering altar of Xom.
  2454 | D:3      | Found a blossoming altar of Fedhas.
  2499 | D:3      | Found a burning altar of Makhleb.
  2499 | D:3      | Found a snail-covered altar of Cheibriados.
  2752 | D:4      | Found a shadowy altar of Dithmenos.
  3145 | D:4      | Reached XP level 6. HP: 29/43 MP: 6/6
  3318 | D:4      | Found a glowing golden altar of the Shining One.
  3392 | D:4      | Noticed a black bear
  3528 | D:4      | Killed a black bear
  3529 | D:4      | Reached XP level 7. HP: 47/48 MP: 7/7
  3537 | D:4      | Found a basalt altar of Yredelemnul.
  3680 | D:5      | Entered Level 5 of the Dungeon
  3826 | D:5      | Reached skill level 5 in Unarmed Combat
  3925 | D:5      | Identified a scroll of acquirement
  3925 | D:5      | Acquired 1030 gold pieces
  4493 | D:5      | Reached XP level 8. HP: 54/54 MP: 8/8
  4575 | D:6      | Noticed a yak
  4575 | D:6      | Noticed a yak
  4575 | D:6      | Noticed a yak
  4575 | D:6      | Noticed a yak
  4575 | D:6      | Noticed a yak
  4575 | D:6      | Noticed a yak
  4763 | D:6      | Noticed Blork the orc
  4774 | D:6      | Killed Blork the orc
  4775 | D:6      | Reached skill level 5 in Dodging
  4815 | D:6      | Reached skill level 5 in Fighting
  5261 | D:6      | Killed a yak
  5307 | D:5      | Killed a yak
  5867 | D:7      | Reached XP level 9. HP: 62/62 MP: 9/9
  5910 | D:7      | Found a sand-covered staircase.
  5931 | Ossuary  | Entered an ossuary
  6322 | D:7      | Found a staircase to the Ecumenical Temple.
  6331 | Temple   | Entered the Ecumenical Temple
  7017 | D:8      | Found an ornate altar of the Wu Jian Council.
  7026 | D:8      | Became a worshipper of the Wu Jian Council
  7150 | D:3      | Killed uncleiroh's ghost
  7405 | D:8      | Reached XP level 10. HP: 71/71 MP: 10/10
  7480 | D:8      | Noticed Joseph
  7487 | D:8      | Killed Joseph
  7488 | D:8      | Reached skill level 10 in Unarmed Combat
  7520 | D:8      | Found Puotumi's Distillery.
  7525 | D:8      | Bought a potion of heal wounds for 70 gold pieces
  7525 | D:8      | Bought 2 potions of degeneration for 28 gold pieces
  7525 | D:8      | Bought a potion of heal wounds for 70 gold pieces
  7525 | D:8      | Bought a potion of enlightenment for 70 gold pieces
  7591 | D:8      | Noticed a deep elf pyromancer
  7591 | D:8      | Noticed a manticore
  7591 | D:8      | Noticed a centaur warrior
  7591 | D:8      | Noticed a manticore
  7591 | D:8      | Noticed Psyche
  7591 | D:8      | Noticed a boulder beetle
  7592 | D:8      | Noticed a black mamba
  7592 | D:8      | Noticed a kobold demonologist
  7592 | D:8      | Noticed a two-headed ogre
  7602 | D:8      | Noticed a boulder beetle
  7622 | D:8      | Found a hide-covered altar of Uskayaw.
  7625 | D:8      | Noticed a +0 hand axe
  7627 | D:8      | Noticed a +0 hand axe
  7643 | D:8      | Reached * piety under Wu Jian
  7681 | D:8      | Identified the +1 spear "Beetleslayer" {speed, Fly rC++}
  8049 | D:8      | Noticed an unseen horror
  8050 | D:8      | Noticed a black mamba
  8979 | D:9      | Found a staircase to the Lair.
  9270 | D:9      | Found an ancient bone altar of Kikubaaqudgha.
  9311 | D:9      | Reached XP level 11. HP: 75/78 MP: 11/11
  9496 | D:9      | Found a radiant altar of Vehumet.
  9663 | D:9      | Found a faded altar of an unknown god.
  9664 | D:9      | Found a hazy altar of Hepliaklqana.
  9824 | D:10     | Entered Level 10 of the Dungeon
  9839 | D:10     | Noticed a two-headed ogre
  9848 | D:10     | Reached ** piety under Wu Jian
 10644 | D:10     | Noticed a death knight
 10652 | D:10     | Killed a death knight
 11062 | D:10     | Reached skill level 10 in Fighting
 11452 | D:10     | Killed a two-headed ogre
 11508 | D:10     | Reached *** piety under Wu Jian
 11863 | D:11     | Reached XP level 12. HP: 88/88 MP: 12/12
 12180 | D:11     | Noticed a two-headed ogre
 12184 | D:11     | Noticed a tengu warrior
 12188 | D:11     | Killed a two-headed ogre
 12196 | D:11     | Killed a tengu warrior
 12871 | D:12     | Noticed a two-headed ogre
 12976 | D:12     | Killed a two-headed ogre
 13112 | D:12     | Reached skill level 15 in Unarmed Combat
 13396 | D:12     | Noticed a boulder beetle
 13401 | D:12     | Noticed a two-headed ogre
 13409 | D:12     | Killed a boulder beetle
 13411 | D:12     | Killed a two-headed ogre
 13607 | D:12     | Found a transporter.
 13607 | D:12     | Noticed a centaur warrior
 13611 | D:12     | Found a transporter.
 13634 | D:12     | Noticed Larett's ghost (journeyman MiBe)
 13679 | D:12     | Identified the ring of Umecesikk {^Drain rPois AC+4 Dex+4
                  | Stlth+}
 13812 | D:12     | Found a staircase to the Orcish Mines.
 14144 | Lair:1   | Entered Level 1 of the Lair of Beasts
 14169 | Lair:1   | Reached **** piety under Wu Jian
 14403 | Lair:1   | Reached skill level 1 in Shapeshifting
 14403 | Lair:1   | Reached XP level 13. HP: 91/96 MP: 13/13
 14707 | Lair:1   | Noticed Gastronok
 14716 | Lair:1   | Killed Gastronok
 15290 | Lair:2   | Reached skill level 5 in Shapeshifting
 15877 | Lair:2   | Found the +4 Cigotuvi's embrace {Corpsefed rMiasma ^Drain
                  | rN+}
 15906 | Lair:2   | Got the Vellum of Conduction and Attendants
 16105 | Lair:2   | Identified the staff of Cocytus {*Corrode rElec Str+6 Tloc
                  | Air}
 17147 | Lair:3   | Identified the +0 long sword of the Dungeon {speed, rF++
                  | Int+5}
 17260 | Lair:3   | Reached ***** piety under Wu Jian
 17304 | Lair:3   | Reached XP level 14. HP: 48/103 MP: 14/14
 17314 | Lair:3   | Found a dark tunnel.
 17320 | Volcano  | Entered a volcano
 17453 | Volcano  | Reached skill level 10 in Shapeshifting
 18417 | Lair:3   | Found a staircase to the Swamp.
 18850 | Lair:3   | Found a staircase to the Snake Pit.
 19634 | Lair:4   | Found a runed translucent door.
 19634 | Lair:4   | Noticed an acid blob
 19635 | Lair:4   | Found a viscous altar of Jiyva.
 19635 | Lair:4   | Noticed an acid blob
 19636 | Lair:4   | Found a staircase to the Slime Pits.
 19636 | Lair:4   | Noticed an acid blob
 19636 | Lair:4   | Noticed an acid blob
 19955 | Lair:5   | Entered Level 5 of the Lair of Beasts
 20130 | Lair:5   | Reached XP level 15. HP: 110/110 MP: 15/15
 20268 | Lair:5   | Reached ****** piety under Wu Jian
 20634 | Lair:5   | Identified the ring "Zecod" {rN+ Str+5 Int+4}
 21358 | D:12     | Killed Larett's ghost
 21826 | D:13     | Got the Octavo of Electrocution and Energy
 21857 | D:13     | Found a gate to the Vaults.
 22466 | D:14     | Reached XP level 16. HP: 59/119 MP: 6/16
 23244 | D:15     | Entered Level 15 of the Dungeon
 23803 | D:15     | Reached skill level 15 in Fighting
 23811 | D:15     | Found a staircase to the Depths.
 24172 | Orc:1    | Entered Level 1 of the Orcish Mines
 24318 | Orc:1    | Reached XP level 17. HP: 127/127 MP: 17/17
 24707 | Orc:2    | Entered Level 2 of the Orcish Mines
 24912 | Orc:2    | Found a staircase to the Elven Halls.
 24964 | Orc:2    | Found Ochecank's Magic Scroll Shoppe.
 24966 | Orc:2    | Found Wuinlock's Magic Scroll Emporium.
 25129 | Orc:2    | Bought a scroll of noise for 16 gold pieces
 25132 | Orc:2    | Bought a scroll of blinking for 105 gold pieces
 25152 | Orc:2    | Paralysed by an orc sorcerer for 2 turns
 25697 | Orc:2    | Found Puyfeis's Book Boutique.
 25697 | Orc:2    | Found Ikeg Oce's Antique Weapon Shop.
 25698 | Orc:2    | Found a one-way gate leading to the halls of Pandemonium.
 25993 | Swamp:1  | Entered Level 1 of the Swamp
 26648 | Swamp:1  | Found a runed translucent door.
 26648 | Swamp:1  | Noticed esper6's ghost (journeyman GnNe)
 26815 | Swamp:1  | Killed esper6's ghost
 27301 | Swamp:2  | Identified the +5 great sword of Beogh's Vengeance {freeze,
                  | Dex+4}
 27653 | Swamp:3  | Noticed Donald
 27656 | Swamp:3  | Killed Donald
 28111 | Swamp:3  | Reached XP level 18. HP: 135/135 MP: 18/18
 28275 | Swamp:4  | Entered Level 4 of the Swamp
 28432 | Swamp:4  | Reached skill level 5 in Shields
 28463 | Swamp:4  | Got a decaying rune of Zot
 28472 | Swamp:4  | Noticed a tentacled monstrosity
 28473 | Swamp:4  | Identified the +1 spear "Lyzol" {freeze, +Blink rPois rN+}
 28476 | Swamp:4  | Killed a tentacled monstrosity
 28577 | Swamp:4  | Identified the +3 falchion of Cocytus {freeze, Str+5 Dex+5}
 29183 | Orc:2    | Bought a scroll of fear for 64 gold pieces
 29183 | Orc:2    | Bought 3 scrolls of torment for 456 gold pieces
 29224 | Elf:1    | Entered Level 1 of the Elven Halls
 29369 | Elf:1    | Got the Treatise on Percussion
 29460 | Elf:1    | Found Puwiv's Antique Weapon Boutique.
 29528 | Elf:2    | Found a runed translucent door.
 29532 | Elf:2    | Noticed olmar's ghost (adept DsGl)
 29541 | Elf:2    | Killed olmar's ghost
 29596 | Elf:1    | Reached skill level 15 in Shapeshifting
 29647 | Elf:2    | Paralysed by an air elemental for 1 turns
 29691 | Elf:2    | Got Osud's Discursus on Voltaic Pyromania
 29756 | Elf:2    | Found a glacial archway.
 29762 | IceCv    | Entered an ice cave
 29806 | IceCv    | Identified the +0 hat of the Equinox {Int+4 Dex+2}
 29908 | IceCv    | Reached XP level 19. HP: 143/143 MP: 15/19
 30036 | IceCv    | Found a viscous altar of Jiyva.
 30055 | IceCv    | Identified the amulet "Buyts" {Spirit rC+ Regen+ MP-9}
 30060 | IceCv    | Got the Discourse on Rime
 30245 | Elf:2    | Paralysed by an air elemental for 1 turns
 30514 | Elf:2    | Found a runed translucent gate.
 30514 | Elf:2    | Found a runed translucent gate.
 30518 | Elf:2    | Found a runed translucent gate.
 31074 | Snake:1  | Entered Level 1 of the Snake Pit
 31359 | Snake:1  | Found Vorrasea's General Store.
 31363 | Snake:1  | Found Zuskoi Jidgh's Antique Armour Shop.
 31447 | Snake:1  | Bought a potion of heal wounds for 90 gold pieces
 31447 | Snake:1  | Bought a scroll of blinking for 135 gold pieces
 31476 | Snake:1  | Noticed Nikola
 31483 | Snake:1  | Killed Nikola
 31497 | Snake:1  | Identified the serpent talisman "Sorompe" {rF++ Int+4
                  | Dex+2}
 31497 | Snake:1  | Noticed Aizul
 31499 | Snake:1  | Killed Aizul
 31843 | Snake:1  | Noticed Jorgrun
 31846 | Snake:1  | Noticed Asterion
 31848 | Snake:1  | Killed Jorgrun
 31852 | Snake:1  | Killed Asterion
 31970 | Snake:1  | Identified the +0 falchion of the Wasteland {heavy, Str-2
                  | Int+2 Dex+9}
 32985 | Snake:3  | Noticed Vashnia
 32991 | Snake:3  | Killed Vashnia
 33503 | Snake:3  | Reached XP level 20. HP: 146/153 MP: 7/20
 33582 | Snake:3  | Found Xvxr's Jewellery Boutique.
 33586 | Snake:3  | Found Joosy's General Store.
 33587 | Snake:3  | Found Ochiajio's Antique Weapon Boutique.
 33592 | Snake:3  | Bought a scroll of blinking for 90 gold pieces
 33866 | Snake:4  | Entered Level 4 of the Snake Pit
 34183 | Snake:4  | Got a serpentine rune of Zot
 34438 | Snake:4  | Identified the +7 chain mail of Duck's Teeth {-Tele rPois
                  | rN+ Str+3}
 35731 | Elf:2    | Identified the blade talisman of the Jumping Gods {rElec
                  | Will+ Int+2 Stlth-}
 35874 | Elf:3    | Entered Level 3 of the Elven Halls
 36017 | Elf:3    | Noticed Boris
 36030 | Elf:3    | Killed Boris
 36248 | Elf:3    | Reached XP level 21. HP: 160/160 MP: 12/21
 36673 | Elf:3    | Identified the ring "Plog" {rElec rC+ rN+ Int+4}
 36693 | Elf:3    | Identified the +3 trident "Xoezutug" {freeze, rC+}
 36727 | Elf:3    | Got the Elucidation of Flame and Formation
 36733 | Elf:3    | Identified the +5 orcbow of Jetaw {speed, ^Fragile +Blink
                  | rN+}
 36735 | Elf:3    | Got the Secrets of the Relocated Tincture
 36740 | Elf:3    | Identified the ring of Mil Xihuxt {MP+9 Int+3 Dex+3}
 36745 | Elf:3    | Identified the staff of the Five Xalams {rElec rN+ Str+5
                  | Necro}
 36763 | Elf:3    | Identified the staff of the Warrior {rC+ Will+ Int-5 Dex+2
                  | Ice}
 36791 | Elf:3    | Identified the ring "Xudwaaskal" {rN+ Dex+3}
 37174 | Vaults:1 | Entered Level 1 of the Vaults
 37346 | Vaults:1 | You fall into a shaft and drop 1 floor!
 38143 | Vaults:1 | Identified the +8 hand axe of Inconvenience {distort, rC++
                  | Int+3}
 38394 | Vaults:2 | Reached XP level 22. HP: 91/169 MP: 5/22
 38786 | Vaults:2 | Noticed Sojobo
 38790 | Vaults:2 | Identified the orb of the Fife {light, rF++ rC+}
 38790 | Vaults:2 | Noticed Frederick
 38793 | Vaults:2 | Paralysed by an air elemental for 1 turns
 38795 | Vaults:2 | Killed Sojobo
 38797 | Vaults:2 | Killed Frederick
 39815 | Vaults:3 | Found a staircase to the Crypt.
 39815 | Vaults:3 | Found an ancient bone altar of Kikubaaqudgha.
 39816 | Vaults:3 | Found a basalt altar of Yredelemnul.
 40100 | Vaults:3 | Reached skill level 27 in Unarmed Combat
 40231 | Vaults:3 | Found a portal to a secret trove of treasure.
 40591 | Vaults:3 | Reached skill level 5 in Stealth
 41003 | Vaults:4 | Reached XP level 23. HP: 178/178 MP: 10/23
 41440 | Vaults:4 | Got Sif Muna's Papyrus of the Spellbinding Mantle
 41919 | Depths:1 | Entered Level 1 of the Depths
 42000 | Depths:1 | Noticed a golden dragon
 42002 | Depths:1 | Killed a golden dragon
 42015 | Depths:1 | Gained mutation: You are occasionally teleported next to
                  | monsters. [a shining eye]
 42026 | Depths:1 | Noticed a golden dragon
 42033 | Depths:1 | Killed a golden dragon
 42044 | Depths:1 | Noticed a juggernaut
 42047 | Depths:1 | Killed a juggernaut
 42184 | Depths:1 | Identified the +3 long sword of Ezaupt {flame, ^Contam rC+
                  | rN+ Dex+2}
 42190 | Depths:1 | Identified the ring "Lubost" {Int+2 SInv}
 42513 | Depths:1 | Found a gateway to Hell.
 42856 | Depths:2 | Reached skill level 10 in Dodging
 42931 | Depths:2 | Found Jowirrib's General Store.
 42936 | Depths:2 | Bought a potion of invisibility for 136 gold pieces
 42989 | Depths:2 | Identified the ring of Fedhas's Supremacy {rF+ Int+2 Dex+6
                  | SInv}
 43166 | Depths:2 | Reached skill level 10 in Stealth
 43324 | Depths:2 | Reached XP level 24. HP: 186/187 MP: 14/23
 43340 | Depths:2 | Identified the +9 flail of Valiance {flame, Fly rElec
                  | Stlth-}
 43970 | Depths:3 | Noticed Boris
 43977 | Depths:3 | Killed Boris
 44035 | Depths:3 | Found a stormy altar of Qazlal.
 44106 | Depths:2 | Identified the +3 quarterstaff "Ruuvem" {freeze, ^Fragile
                  | Will+++ MP-9 Str+5}
 44305 | Depths:3 | Found a runed translucent gate.
 44358 | Depths:3 | Found a runed translucent gate.
 44359 | Depths:3 | Found a runed translucent gate.
 44362 | Depths:3 | Noticed Janeylunn's ghost (veteran GnWn)
 44364 | Depths:3 | Found a viscous altar of Jiyva.
 44373 | Depths:3 | Identified the storm talisman "Ymoc Wut" {MP+9}
 44529 | Depths:3 | Found a one-way gate to the infinite horrors of the Abyss.
 44717 | Depths:4 | Entered Level 4 of the Depths
 44717 | Depths:4 | Noticed a juggernaut
 44719 | Depths:4 | Killed a juggernaut
 44750 | Depths:4 | Found a flickering gateway to a bazaar.
 44757 | Depths:4 | Noticed Jory
 44770 | Depths:4 | Killed Jory
 44823 | Bazaar   | Entered a bazaar
 44823 | Bazaar   | Found Kasudwo's Assorted Antiques.
 44842 | Bazaar   | Found Yrchaz's Assorted Antiques.
 44847 | Bazaar   | Bought a scroll of blinking for 180 gold pieces
 44847 | Bazaar   | Found Ralukoeq's Armour Shoppe.
 44856 | Bazaar   | Found Vonuwa's Assorted Antiques.
 44860 | Bazaar   | Found Donygyz's Antique Armour Shop.
 44863 | Bazaar   | Bought a potion of heal wounds for 125 gold pieces
 44863 | Bazaar   | Bought a shiny coral ring for 125 gold pieces
 44931 | Depths:4 | Noticed Boris
 44939 | Depths:4 | Killed Boris
 44998 | Depths:4 | Found a one-way gateway to a ziggurat.
 45004 | Depths:4 | Noticed a juggernaut
 45008 | Depths:4 | Killed a juggernaut
 45329 | Depths:4 | Found a gate to the Realm of Zot.
 45344 | Depths:4 | Reached XP level 25. HP: 147/195 MP: 23/23
 45419 | Depths:4 | Found a faded altar of an unknown god.
 45667 | Depths:4 | Found a shimmering altar of Xom.
 46281 | Vaults:5 | Entered Level 5 of the Vaults
 46360 | Vaults:5 | Got a silver rune of Zot
 46392 | Vaults:5 | Noticed a dread lich
 46394 | Vaults:5 | Killed a dread lich
 46415 | Vaults:5 | Identified the staff "Ledghapso" {rElec rPois Will+ Necro
                  | Alchemy}
 46419 | Vaults:5 | Identified the +8 long sword "Esull" {venom, rN+ SInv}
 46429 | Vaults:5 | Reached skill level 15 in Stealth
 46448 | Vaults:5 | Lost mutation: You are occasionally teleported next to
                  | monsters. [potion of mutation]
 46448 | Vaults:5 | Gained mutation: You occasionally lose the ability to read
                  | scrolls when taking damage. [potion of mutation]
 46448 | Vaults:5 | Gained mutation: You are partially covered in iridescent
                  | scales. (AC +2) [potion of mutation]
 46449 | Vaults:5 | Lost mutation: You occasionally lose the ability to read
                  | scrolls when taking damage. [potion of mutation]
 46449 | Vaults:5 | Lost mutation: You are partially covered in iridescent
                  | scales. (AC +2) [potion of mutation]
 46449 | Vaults:5 | Gained mutation: You have hidden genetic potential. [potion
                  | of mutation]
 46449 | Vaults:5 | Gained mutation: You have great hidden genetic potential.
                  | [potion of mutation]
 46468 | Vaults:5 | Identified the +9 longbow of the Delicate God {drain,
                  | Will++ Str+6}
 46496 | Vaults:5 | Noticed a dread lich
 46499 | Vaults:5 | Paralysed by a dread lich for 5 turns
 46507 | Vaults:5 | Killed a dread lich
 47006 | Vaults:5 | Found Fowoifilo's General Store.
 47006 | Vaults:5 | Noticed a dread lich
 47010 | Vaults:5 | Killed a dread lich
 47012 | Vaults:5 | Reached XP level 26. HP: 156/206 MP: 21/23
 47029 | Vaults:5 | Found Abbeut's Book Shoppe.
 47102 | Vaults:5 | Found Suineonn's Jewellery Emporium.
 47102 | Vaults:5 | Found Muetocwi's Antique Armour Boutique.
 47693 | Depths:3 | Voluntarily entered the Abyss.
 47856 | Abyss:3  | Acquired 955 gold pieces
 47877 | Abyss:3  | Got an abyssal rune of Zot
 48149 | Depths:3 | Escaped the Abyss
 49155 | Slime:1  | Entered Level 1 of the Pits of Slime
 50324 | Slime:5  | Entered Level 5 of the Pits of Slime
 50348 | Slime:5  | Noticed the Royal Jelly
 50352 | Slime:5  | Killed the Royal Jelly
 50359 | Slime:5  | Gained mutation: You are clumsy. (Dex -2) [a shining eye]
 50366 | Slime:5  | Gained mutation: Your spells are a little easier to cast,
                  | but a little less powerful. [a shining eye]
 50385 | Slime:5  | Gained mutation: You are strong-willed. (Will+) [hidden
                  | potential]
 50389 | Slime:5  | Got a slimy rune of Zot
 50390 | Slime:5  | Identified the +0 robe of Daisies {rPois Str+6}
 50409 | Slime:5  | Identified the +1 hand cannon of Lizuclil {antimagic, rPois
                  | rN+ Will-}
 50417 | Slime:5  | Got the Octavo of the Tektite and the Escort
 50430 | Slime:5  | Identified the +2 mace of Excruciating Pain {venom, rElec}
 50438 | Slime:5  | Identified the ring of Zaoceac {AC+4 Int+3}
 50453 | Slime:5  | Identified the +0 ring mail of the Beginning {Regen+ Str+2
                  | Int+2}
 50569 | Slime:4  | Gained mutation: Your spells are easier to cast, but less
                  | powerful. [a shining eye]
 50948 | Zot:1    | Entered Level 1 of the Realm of Zot
 50948 | Zot:1    | Noticed an orb of fire
 50956 | Zot:1    | Gained mutation: Your health recovers twice as slowly from
                  | being drained. [an orb of fire]
 50960 | Zot:1    | Killed an orb of fire
 50970 | Depths:4 | Reached XP level 27. HP: 99/216 MP: 10/23
 53284 | Zot:3    | Gained mutation: Your mind is acute. (Int +4, Str/Dex -1)
                  | [hidden potential]
 53284 | Zot:3    | Lost mutation: You have great hidden genetic potential.
                  | [hidden potential expressed]
 53326 | Zot:3    | Noticed an orb of fire
 53333 | Zot:3    | Killed an orb of fire
 53559 | Zot:3    | Found a snail-covered altar of Cheibriados.
 54039 | Zot:4    | Identified the -2 cloak of Truth {rElec rC+ SInv}
 54054 | Zot:4    | Identified the +1 cloak of Indemnity {Dex+2}
 54120 | Zot:4    | Found the +4 dragonskin cloak
 54120 | Zot:4    | Noticed Tiamat
 54141 | Zot:4    | Killed Tiamat
 54306 | Zot:4    | Identified the ring "Lozor" {Wiz MP+9 Int+4}
 54338 | Zot:4    | Got the Verses on the Birds
 54669 | Zot:4    | Found a glowing silver altar of Zin.
 54714 | Zot:4    | Found a transporter.
 54718 | Zot:4    | Found a transporter.
 54719 | Zot:4    | Found a bloodstained altar of Trog.
 54722 | Zot:4    | Noticed wilo's ghost (master MfBe)
 54725 | Zot:4    | Killed wilo's ghost
 55030 | Zot:5    | Entered Level 5 of the Realm of Zot
 55319 | Zot:5    | Reached skill level 27 in Shapeshifting
 55324 | Zot:5    | Noticed an orb of fire
 55325 | Zot:5    | Killed an orb of fire
 55325 | Zot:5    | Noticed an orb of fire
 55327 | Zot:5    | Noticed an orb of fire
 55327 | Zot:5    | Noticed an orb of fire
 55329 | Zot:5    | Noticed an orb of fire
 55329 | Zot:5    | Noticed an orb of fire
 55329 | Zot:5    | Gained mutation: A frigid envelope surrounds you and
                  | freezes all who hurt you. [an orb of fire]
 55330 | Zot:5    | Killed an orb of fire
 55331 | Zot:5    | Gained mutation: You are very clumsy. (Dex -4) [an orb of
                  | fire]
 55334 | Zot:5    | Killed an orb of fire
 55334 | Zot:5    | Killed an orb of fire
 55335 | Zot:5    | Killed an orb of fire
 55336 | Zot:5    | Killed an orb of fire
 55337 | Zot:5    | Reached skill level 27 in Fighting
 55345 | Zot:5    | Gained mutation: You are highly strong-willed. (Will++)
                  | [hidden potential]
 55375 | Zot:5    | Noticed an orb of fire
 55377 | Zot:5    | Got the Orb of Zot
 55379 | Zot:5    | Killed an orb of fire
 55397 | Zot:5    | Noticed an orb of fire
 55399 | Zot:5    | Gained mutation: You are weak. (Str -2) [an orb of fire]
 55400 | Zot:5    | Killed an orb of fire
 55406 | Zot:5    | Noticed Zidyaf the pandemonium lord
 55413 | Zot:5    | Killed Zidyaf the pandemonium lord
 55463 | Zot:3    | Noticed Tyugiot the pandemonium lord
 55466 | Zot:3    | Killed Tyugiot the pandemonium lord
 55486 | Zot:3    | Noticed Lutragag the pandemonium lord
 55495 | Zot:3    | Killed Lutragag the pandemonium lord
 55537 | Zot:1    | Reached skill level 15 in Dodging
 55581 | Depths:4 | Noticed a seraph
 55589 | Depths:4 | Killed a seraph
 55675 | D:15     | Noticed Imolar the pandemonium lord
 55677 | D:15     | Noticed a seraph
 55681 | D:15     | Killed Imolar the pandemonium lord
 55682 | D:15     | Killed a seraph
 55902 | D:6      | Noticed Corigat the pandemonium lord
 55905 | D:6      | Killed Corigat the pandemonium lord
 55938 | D:3      | Noticed Pouz the pandemonium lord
 56025 | D:$      | Escaped with the Orb!

Illustrated notes

Levels and vault maps discovered:
D:1:      dpeg_arrival_yet_another_circle, layout_basic, serial_shops, shop
D:2:      layout_basic, serial_shops, nicolae_shop_waterfront
D:3:      layout_basic, old_standard_altar, nicolae_overflow_crystal_walls,
          mainiacjoe_overflow_small_starburst, gammafunk_temple_overflow_wave,
          gammafunk_ghost_arena, uniq_robin
D:4:      layout_cave_pools, lemuel_coloured_pillars_altar,
          mainiacjoe_overflow_brackets, nicolae_dithmenos_through_a_glass_darkly
D:5:      layout_gridville
D:6:      layout_basic, uniq_blork_the_orc
D:7:      layout_rooms, minmay_temple_entry_tees, nicolae_ossuary_entry_plus,
          billiards_dpeg
D:8:      layout_basic, mainiacjoe_overflow_boulevard, dancing_weapons_uskayaw,
          serial_shops, shop_fountains, special_room [special_room_orc],
          minivault_12, uniq_joseph, uniq_psyche
D:9:      layout_roguey, beargit_hepliaklqana_dungeon_heroes,
          lemuel_crystal_altar, kennysheep_mini_moat, david_lair_shrubbed
D:10:     layout_roguey, onia_ninara_cookie
D:11:     layout_basic, kennysheep_dice
D:12:     layout_small_grid, david_orc_1_choice, nzn_ghost_randoct
D:13:     layout_cave_pods, erik_vaults_2, serial_park, serial_park_square2,
          serial_park_tiny_1, serial_park_avenue1, serial_park_avenue1,
          serial_park_tiny_1
D:14:     minmay_twisted_water, layout_loops_ring, nicolae_titane
D:15:     hellmonk_depths_entry_around_the_bend, layout_irregular_city,
          hangedman_decor_points, serial_undead, serial_undead_c,
          serial_undead_c, serial_undead_b, serial_undead_e, serial_undead_c,
          serial_undead_c, serial_undead_a, amethyst_killhole,
          nicolae_fountain_basement
Temple:   pf_slimified_temple
Lair:1:   layout_loops_ring, special_room [special_room_bee], lemuel_fruit_tree,
          uniq_gastronok
Lair:2:   dreamdust_cave_troll, layout_gridlike, serial_rivers,
          chequers_serial_rivers_micro_b, chequers_serial_rivers_micro_a,
          chequers_serial_rivers_marsh, chequers_serial_rivers_large_b,
          chequers_serial_rivers_micro_e, chequers_serial_rivers_small_b,
          minmay_lindwurm_lava
Lair:3:   layout_misc_corridors, minmay_swamp_entry_reptiles, dummy_snake_entry,
          nicolae_volcano_entry_two_sided, grunt_forest_small_clearings,
          grunt_forest_stairs_basic, st_stairs_8
Lair:4:   layout_concentric_octagons, slime_entry_2
Lair:5:   guppyfry_lair_end_dragon, layout_concentric_octagons,
          hangedman_lair_caniforms_friends, minivault_25,
          nicolae_lair_yak_garden
Swamp:1:  layout_falls_marsh, hellmonk_ghost_happy_afterlife,
          hangedman_swamp_ruin_hall
Swamp:2:  layout_falls_marsh, nicolae_swamp_orc_logging_accident, swamp_pool_5,
          nzn_swamp_stair_ambush
Swamp:3:  layout_basic_swamp, nicolae_swamp_fairy_circle, uniq_donald
Swamp:4:  swamp_alternative, layout_basic_swamp, swamp_pool_1_2
Snake:1:  layout_basic, minmay_shoptagon, grunt_megastairs_5, uniq_aizul,
          uniq_jorgrun, uniq_asterion, uniq_nikola
Snake:2:  layout_chambers, st_stairs_2
Snake:3:  layout_cave_pods, minmay_shop_star, grunt_megastairs_3, uniq_vashnia
Snake:4:  grunt_snake_rune_pools, layout_cave_town
Slime:1:  cheibrodos_slime_lost_civilization_1, layout_caves
Slime:2:  layout_caves
Slime:3:  layout_caves, basic_altar
Slime:4:  layout_caves
Slime:5:  slime_pit
Orc:1:    cheibrodos_orc_arena, layout_caves
Orc:2:    pf_orc_diabolical, layout_diamond_mine, basic_altar
Elf:1:    minmay_elf_arrival_plus, layout_geoelf_octagon, serial_shops, shop,
          minmay_elf_sorcery, nicolae_shop_i_like_big_books,
          minmay_misc_feat_alley, grunt_ministairs_9
Elf:2:    nicolae_elf_blades_splatter_lattice [nicolae_blade_little_rooms],
          layout_gridlike, hellmonk_ghost_big_iron,
          portal_ice_cave_entry_horrid_things
Elf:3:    minmay_elf_hall_four_x, layout_onion_city, uniq_boris
Vaults:1: nicolae_vaults_storage_room_glass, grunt_vaults_diagonal,
          nicolae_vaults_house_1, ontoclasm_vaults_misaligned,
          vaults_standard_mumra_x, v_pattern_2, hangedman_vaults_nails,
          nicolae_vaults_storage_closets_2, v_misc_9,
          nicolae_vaults_trapezoid_lopsided_1, layout_vaults_omnigrid
Vaults:2: nicolae_vaults_doubleplus_tesselated,
          nicolae_vaults_offset_grid_hallway_1,
          nicolae_vaults_inception_corners, v_rooms_6,
          nicolae_vaults_trapezoid_1, sword_in_stone, hangedman_vaults_nodes,
          nicolae_vaults_three_branches, v_misc_27, ontoclasm_vaults_shuriken,
          v_misc_17, vaults_dpeg_doors, layout_vaults_maze
Vaults:3: hangedman_vaults_stagger, nicolae_vaults_closet_pinwheel_6,
          hangedman_vaults_unwind, nicolae_vaults_diagonal_hallway_9,
          minmay_crypt_entry_necro_gods, v_alt_pattern_3,
          nicolae_vaults_weapon_check, minmay_orc_keep,
          nicolae_vaults_apartment_1, vaults_room_fours, layout_vaults_big_room,
          enter_trove_0
Vaults:4: vaults_room_corners, nicolae_vaults_network_star,
          nicolae_vaults_trapezoid_3, nicolae_vaults_security_offices_2,
          nicolae_vaults_closet_pinwheel_5, nicolae_vaults_circle_grid_b,
          nicolae_vaults_tetromino_T_2, v_misc_15,
          nicolae_vaults_offset_grid_hallway_3, v_misc_29, vaults_room_octagon,
          grunt_vaults_focal, v_misc_23, nicolae_vaults_two_Ls,
          vaults_room_corners, vaults_room_stairs_pillars, layout_vaults_ring
Vaults:5: uniq_frederick
Depths:1: layout_gridville, hell_entry, grunt_pan_entry_in_and_out,
          minmay_misc_feat_diagonals, reono_crystal_passage,
          nicolae_rejected_hall, infiniplex_staircase_pool_lava
Depths:2: kennysheep_bubbly, layout_gridlike, hell_entry, serial_shops, shop,
          rand_demon_pan_entry_1, infiniplex_staircase_pool_2, firewood_loft
Depths:3: dreamdust_isle_of_ice, layout_cave_pools,
          nicolae_qazlal_general_emergency, hell_entry, minmay_room_of_horrors,
          gammafunk_ghost_ooze, grunt_decor_fettered, serial_bayou_shore_b,
          minmay_staircase_windowed_large
Depths:4: regret_index_infernal_bastille, layout_cave_shapes, enter_ziggurat_b,
          serial_shops, bzr_entry_customers, regret_index_xom_buried_treasure,
          hellmouth_1, pan_entry, nicolae_tricolors, uniq_jory
Zot:1:    layout_basic, grunt_megastairs_2
Zot:2:    layout_onion_interference, grunt_ministairs_12
Zot:3:    layout_gridlike, regret_index_zotdec_serpentine_scales,
          grunt_megastairs_1
Zot:4:    kennysheep_blocky_room, layout_misc_corridors,
          regret_index_zotdec_icy_dp, gammafunk_ghost_wrathful_warriors,
          st_grand_hoard_of_tiamat
Zot:5:    layout_basic, bh_zot_lava_cross

Skill      XL: |  1  2  3  4  5  6  7  8  9 10 11 12 13 14 15 16 17 18 19 20 21 22 23 24 25 26 27 |
---------------+----------------------------------------------------------------------------------+-----
Stealth        | 1 2 3 4 5 10 13 15 19 | 19.4
Unarmed Combat | 3 4 5 7 9 11 13 16 17 18 20 21 22 23 25 26 27 | 27.0
Fighting       | 4 5 7 8 10 11 12 13 14 15 16 17 18 19 20 21 22 23 24 27 | 27.0
Dodging        | 4 6 7 8 10 11 13 15 | 15.8
Shields        | 4 6 |  6.4
Shapeshifting  | 1 9 11 12 13 14 15 16 17 18 19 20 21 23 27 | 27.0

Action                     |  1- 3 |  4- 6 |  7- 9 | 10-12 | 13-15 | 16-18 | 19-21 | 22-24 | 25-27 || total
---------------------------+-------+-------+-------+-------+-------+-------+-------+-------+-------++-------
  Melee: Unarmed           |    36 |    76 |   278 |   474 |   821 |   859 |   891 |   924 |  1375 ||  5734
         Constrict         |    27 |    30 |    54 |    65 |    92 |   156 |   205 |   116 |       ||   745
         Tentacles         |    21 |    20 |    58 |   116 |   195 |   209 |   107 |   179 |       ||   905
         Short sword       |    65 |    19 |       |       |       |       |       |       |       ||    84
         Punch             |     4 |     1 |    15 |    52 |    94 |   130 |    69 |   206 |   233 ||   804
         Maw               |       |       |       |       |   120 |   270 |   130 |   214 |       ||   734
  Throw: Stone             |     1 |     6 |       |       |       |       |       |       |       ||     7
         Dart              |       |     1 |     2 |    15 |    14 |       |       |       |       ||    32
         Boomerang         |       |       |       |     1 |     2 |       |       |       |       ||     3
         Javelin           |       |       |       |       |       |     7 |       |       |       ||     7
 Invoke: Heavenly Storm    |       |       |       |       |     4 |     5 |     5 |     3 |     4 ||    21
         Serpent's Lash    |       |       |       |       |     1 |     7 |     2 |     2 |     3 ||    15
Ability: Lunge             |       |       |     6 |    43 |    68 |   172 |   159 |   159 |   185 ||   792
         Whirlwind         |       |       |       |    17 |   223 |   257 |   266 |   307 |   552 ||  1622
         Wall Jump         |       |       |       |    11 |    44 |    43 |    31 |    36 |    28 ||   193
         Blinkbolt         |       |       |       |       |       |       |       |       |     1 ||     1
  Evoke: Wand              |       |     1 |     7 |    16 |     3 |     7 |       |     3 |     1 ||    38
    Use: Scroll            |     1 |     7 |     7 |     9 |     6 |    16 |     1 |     3 |     6 ||    56
         Potion            |       |       |     2 |     3 |    10 |     6 |     7 |       |     6 ||    34
   Stab: Sleeping          |     9 |     7 |     9 |    14 |    22 |    46 |    28 |    39 |    46 ||   220
         Invisible         |       |       |     1 |     7 |       |       |       |       |       ||     8
         Distracted        |       |       |     1 |       |     3 |     4 |     6 |    10 |    16 ||    40
         Paralysed         |       |       |       |       |       |       |       |     1 |       ||     1
         Petrified         |       |       |       |       |       |       |       |       |     3 ||     3
 Armour: Skin              |    37 |    26 |   139 |   158 |   293 |   197 |   274 |   213 |   182 ||  1519
  Dodge: Dodged            |    60 |    36 |   210 |   174 |   327 |   237 |   254 |   294 |   694 ||  2286
  Block: Buckler           |    12 |    14 |    64 |    68 |   107 |    61 |       |       |       ||   326
         Kite shield       |       |       |       |       |       |    51 |    64 |   104 |       ||   219
         Reflection        |       |       |       |       |       |     8 |    10 |    20 |       ||    38
   Form: Blade             |       |       |       |       |     1 |     1 |     2 |       |       ||     4
         Maw               |       |       |       |       |     1 |     1 |     2 |       |       ||     4
         Serpent           |       |       |       |       |       |       |     2 |       |       ||     2
         Storm             |       |       |       |       |       |       |       |     2 |       ||     2
